 Dungeon Crawl Stone Soup version 0.29.1-12-g30fa7ad0bf (webtiles) character file.

Game seed: 14032776175000488291

354 soggyman666 the Chopper (level 6, -4/56 HPs)
             Began as a Minotaur Fighter on Dec 29, 2022.
             Slain by an ogre
             ... wielding a +0 giant club
              (24 damage)
             ... on level 4 of the Dungeon.
             The game lasted 00:05:03 (2792 turns).

soggyman666 the Chopper (Minotaur Fighter)          Turns: 2792, Time: 00:05:03

Health: -4/56      AC:  7    Str: 23    XL:     6   Next: 35%
Magic:  0/5        EV:  9    Int:  5    God:
Gold:   123        SH:  4    Dex:  9    Spells: 5/5 levels left

rFire   . . .      SeeInvis .   a - +0 war axe
rCold   . . .      Faith    .   c - +0 buckler
rNeg    . . .      Spirit   +   b - +0 scale mail
rPois   .          Reflect  .   (helmet restricted)
rElec   .          Harm     .   (no cloak)
rCorr   .          Rampage  .   (no gloves)
Will    .....                   (no boots)
Stlth   ..........              q - amulet of guardian spirit
HPRegen 0.18/turn               (no ring)
MPRegen 0.09/turn               (no ring)

@: mighty
A: horns 2, retaliatory headbutt
a: no special abilities


You were on level 4 of the Dungeon.
You visited 1 branch of the dungeon, and saw 4 of its levels.

You collected 163 gold pieces.
You spent 40 gold pieces at shops.

Inventory:

Hand Weapons
 a - a +0 war axe (weapon)
Missiles
 f - 9 poisoned darts (quivered)
Armour
 b - a +0 scale mail (worn)
 c - a +0 buckler (worn)
Jewellery
 q - an amulet of guardian spirit (around neck)
Wands
 j - a wand of flame (31)
 p - a wand of digging (7)
Scrolls
 e - a scroll of poison
 g - 4 scrolls of identify
 h - 2 scrolls of teleportation
 i - 2 scrolls of enchant armour
 n - a scroll of immolation {unknown}
Potions
 k - a potion of mutation {unknown}
 l - a potion of curing
 m - 2 potions of haste {unknown}
 o - a potion of degeneration {unknown}


   Skills:
 + Level 5.0 Fighting
 * Level 5.4 Axes
 + Level 5.0 Armour
 + Level 5.0 Shields


You had 5 spell levels left.
You didn't know any spells.
Your spell library contained the following spells:

 Spells                   Type           Power      Damage    Failure   Level
 Shock                    Conj/Air       0%         1d3       86%         1
 Swiftness                Air            0%         N/A       99%         3
 Airstrike                Air            0%         2d(0-16)  100%        4
 Fireball                 Conj/Fire      0%         3d3       100%        5
 Iskenderun's Battlesphe  Conj           0%         2d6       100%        5
 Conjure Ball Lightning   Conj/Air       0%         3x3d6     100%        6
 Orb of Destruction       Conj           0%         9d5       100%        7


Dungeon Overview and Level Annotations

Branches:
Dungeon (4/15)
 Temple: D:4-7

Altars:

Shops:
D:1 ?   D:3 ?


Innate Abilities, Weirdness & Mutations

You have a pair of horns on your head.
You reflexively headbutt those who attack you in melee.


Message History

You slash the adder!
You kill the adder!
A kobold comes into view.
It is wielding a +0 short sword and quivering poisoned darts.
Found 12 gold pieces.
The kobold shouts!
An ogre comes into view. It is wielding a +0 giant club.
The endoplasm freezes you.
You are frozen.
The ogre shouts!
You hit the endoplasm.
You kill the endoplasm!
A black bear comes into view.
The black bear growls angrily.
The kobold hits you but does no damage.
You hit the ogre but do no damage. You hit the kobold.
The kobold hits you but does no damage. The ogre hits you with a +0 giant club!
You completely miss the kobold.
The kobold is moderately wounded.
You hit the ogre. You block the kobold's attack.
The ogre hits you with a +0 giant club!!
You are too injured to fight recklessly!
You are too injured to fight recklessly!
You are too injured to fight recklessly!
Unknown command.
You are too injured to fight recklessly!
Unknown command.
You are too injured to fight recklessly!
Unknown command.
You feel very mighty all of a sudden. The kobold barely misses you.
You are too injured to fight recklessly!
You are too injured to fight recklessly!
You are too injured to fight recklessly!
You are too injured to fight recklessly!
You hit the ogre.
The ogre is moderately wounded.
You slash the kobold!
You kill the kobold!
The ogre hits you with a +0 giant club!!
You die...

#.................+
#.................#
###+#########....##
# #....###### #
#..###~~~~## #
#.###~~~~~~# #
#........~~. #
#.........~~
#...@)h~....
#....O.?~~..
#....~....~~
.......~~⌠...
..#.......⌠~~.. ..
##...~~....~. .
#..~..~~.$~.
...~....~~..


You could see a black bear and an ogre.

Vanquished Creatures
  Pargi (D:3)
  A gnoll bouda (D:3)
  Natasha (thrice) (D:2)
  An orc wizard (D:3)
  4 gnolls (D:3)
  3 adders
  2 worms (D:2)
  3 dart slugs
  4 orcs (D:3)
  6 ball pythons
  3 bats
  3 endoplasms
  2 giant cockroaches (D:4)
  3 goblins
  6 hobgoblins
  2 jackals (D:1)
  2 kobolds
  3 quokkas
  4 frilled lizards (D:1)
  2 rats (D:1)
58 creatures vanquished.

Notes
Turn   | Place    | Note
-------+----------+-------------------------------------------
     0 | D:1      | soggyman666 the Minotaur Fighter began the quest for the
                  | Orb.
     0 | D:1      | Reached XP level 1. HP: 19/19 MP: 0/0
    95 | D:1      | Found Wuthoidghub's Magic Scroll Shop.
   181 | D:1      | Reached XP level 2. HP: 27/27 MP: 1/1
   390 | D:1      | You fall into a shaft and drop 1 floor!
   609 | D:1      | Reached XP level 3. HP: 33/33 MP: 2/2
   940 | D:2      | Noticed Natasha
   945 | D:2      | Killed Natasha
   971 | D:2      | Noticed Natasha
   978 | D:2      | Killed Natasha
   979 | D:2      | Reached XP level 4. HP: 31/40 MP: 3/3
  1112 | D:2      | Noticed Natasha
  1118 | D:2      | Killed Natasha
  1344 | D:2      | Identified the +3 bardiche of Hekkos {spect, rPois Int+5}
  1747 | D:3      | Found Xaciubul's Magic Scroll Emporium.
  1751 | D:3      | Bought a scroll of identify for 20 gold pieces
  1751 | D:3      | Bought a scroll of identify for 20 gold pieces
  1899 | D:3      | Reached XP level 5. HP: 46/47 MP: 4/4
  2009 | D:3      | Reached skill level 5 in Axes
  2361 | D:3      | Noticed Pargi
  2376 | D:3      | Killed Pargi
  2377 | D:3      | Reached skill level 5 in Fighting
  2377 | D:3      | Reached skill level 5 in Armour
  2377 | D:3      | Reached skill level 5 in Shields
  2377 | D:3      | Reached XP level 6. HP: 24/56 MP: 3/5
  2792 | D:4      | Slain by an ogre

Illustrated notes

Levels and vault maps discovered:
D:1:      ncdulo_wetmaze, layout_loops_ring, serial_shops, shop_scrolls,
          minivault_23, minmay_misc_feat_diagonals, minmay_tree_intersection
D:2:      layout_loops_ring, serial_park_tiny_1, minivault_23, minivault_11,
          kennysheep_nondescript, minmay_misc_feat_four_crosses, uniq_natasha
D:3:      layout_loops_ring, serial_shops, shop_scrolls, minmay_distorted,
          uniq_pargi
D:4:      cheibrodos_helix_gallery, layout_gridville

Skill      XL: |  1  2  3  4  5 |
---------------+----------------+-----
Axes           | 3 4 5 |  5.4
Fighting       | 4 5 |  5.0
Armour         | 4 5 |  5.0
Shields        | 4 5 |  5.0

Action                   |  1- 3 |  4- 6 || total
-------------------------+-------+-------++-------
Melee: War axe           |    48 |    93 ||   141
       Headbutt          |     5 |    10 ||    15
  Use: Scroll            |       |     7 ||     7
       Potion            |       |     1 ||     1
Armor: Scale mail        |    16 |    42 ||    58
Dodge: Dodged            |    17 |    47 ||    64
Block: Buckler           |    13 |    26 ||    39
